 Dungeon Crawl Stone Soup version 0.19.1-1-g22dce08 (webtiles) character file.

20 Mefis the Magician (level 2, 0/16 HPs)
             Began as a Deep Elf Wizard on Jan 1, 2017.
             Slain by a giant cockroach (2 damage)
             ... on level 2 of the Dungeon.
             The game lasted 00:01:24 (889 turns).

Mefis the Magician (Deep Elf Wizard)                 Turns: 889, Time: 00:01:25

Health: 0/16       AC:  2    Str:  9    XL:     2   Next: 58%
Magic:  1/10       EV: 13    Int: 22    God:
Gold:   33         SH:  0    Dex: 13    Spells: 4 memorised, 4 levels left

rFire  . . .     SeeInvis .     i - +0 short sword
rCold  . . .     Gourm    .     a - +0 robe
rNeg   . . .     Faith    .     (no shield)
rPois  .         Spirit   .     b - +0 hat
rElec  .         Reflect  .     (no cloak)
rCorr  .         Harm     .     (no gloves)
MR     .....     Rnd*Tele +     (no boots)
Stlth  ++........               (no amulet)
                                l - ring of teleportation (curse)
                                f - +5 ring of strength

@: very slightly contaminated, repel missiles
A: no striking features
a: no special abilities


You were on level 2 of the Dungeon.
You were not hungry.

You visited 1 branch of the dungeon, and saw 2 of its levels.

You collected 33 gold pieces.

Inventory:

Hand Weapons
 i - a +0 short sword (weapon)
Armour
 a - a +0 robe (worn)
 b - a +0 hat (worn)
Jewellery
 f - a +5 ring of strength (left hand)
 l - a cursed ring of teleportation (right hand)
Scrolls
 j - a scroll of identify {unknown}
 k - a scroll of amnesia {unknown}
 m - a scroll of random uselessness {unknown}
Potions
 e - a potion of curing {unknown}
 g - 2 potions of berserk rage {unknown}
 h - a potion of brilliance {unknown}
 n - a potion of might {unknown}
Books
 c - a book of Minor Magic

   Spells                             Type                      Level
   a - Magic Dart                     Conjuration                  1
   b - Blink                          Translocation                2
   c - Call Imp                       Summoning                    2
   d - Repel Missiles                 Charms/Air                   2
   e - Slow                           Hexes                        2
   f - Conjure Flame                  Conjuration/Fire             3
   g - Mephitic Cloud                 Conjuration/Poison/Air       3
Comestibles
 d - a bread ration


   Skills:
 + Level 0.7 Fighting
 + Level 2.5 Dodging
 + Level 2.4 Stealth
 * Level 5.0 Spellcasting
 + Level 1.7 Conjurations
 - Level 1.1 Summonings
 - Level 1.1 Translocations


You had 4 spell levels left.
You knew the following spells:

 Your Spells              Type           Power        Failure   Level  Hunger
a - Magic Dart            Conj           ##..         8%          1    None
b - Call Imp              Summ           ##......     12%         2    None
c - Blink                 Tloc           N/A          12%         2    None
d - Repel Missiles        Chrm/Air       #.....       17%         2    None


Dungeon Overview and Level Annotations

Branches:
Dungeon (2/15)

Altars:


Message History

Aim: a jackal (severely wounded)
The magic dart hits the jackal.
You kill the jackal!
Your Spellcasting skill increases to level 5!
The jackal closely misses you. The giant cockroach closely misses you.
The jackal barely misses you.
The jackal bites you but does no damage.
The jackal bites you.
* * * LOW HITPOINT WARNING * * *
There is a stone staircase leading up here.
The jackal closely misses you. The giant cockroach bites you.
* * * LOW HITPOINT WARNING * * *
You climb upwards.
The adder hisses angrily.
There is a stone staircase leading down here.
The jackal closely misses you. The giant cockroach closely misses you.
The jackal barely misses you.
You climb downwards.
The giant cockroach barely misses you. The giant cockroach bites you.
You die...

#..##...#####...
#........†......
#......†......
...#...#####...
#.#...# #.#...#
#.#...#####
#.h.s.......
#.#@..####..
############.#.s.#
#................#
#...)....#.........
#######....##.#.#####
.......<..........
########............
#.####.#.#### ###
#####


You could see a jackal and 2 giant cockroaches.

Vanquished Creatures
  A dart slug (D:1)
  A leopard gecko (D:1)
  A giant cockroach (D:1)
  2 goblins (D:1)
  A hobgoblin (D:1)
  2 jackals (D:2)
  2 kobolds
  3 bats (D:1)
  A frilled lizard (D:1)
  2 rats (D:1)
16 creatures vanquished.

Notes
Turn   | Place    | Note
-------+----------+-------------------------------------------
     0 | D:1      | Mefis the Deep Elf Wizard began the quest for the Orb.
     0 | D:1      | Reached XP level 1. HP: 10/10 MP: 7/7
   319 | D:1      | Reached XP level 2. HP: 8/16 MP: 3/9
   323 | D:1      | Learned a level 2 spell: Call Imp
   326 | D:1      | Learned a level 2 spell: Blink
   329 | D:1      | Learned a level 2 spell: Repel Missiles
   879 | D:2      | Reached skill level 5 in Spellcasting
   889 | D:2      | Slain by a giant cockroach

Skill      XL: |  1  2 |
---------------+-------+-----
Spellcasting   | 5 |  5.0
Fighting       | |  0.7
Dodging        | |  2.5
Stealth        | |  2.4
Conjurations   | |  1.7
Summonings     | |  1.1
Translocations | |  1.1

Action                   || total
-------------------------++-------
 Cast: Magic Dart        ||    34
       Repel Missiles    ||     1
Armor: Robe              ||     2
Dodge: Dodged            ||    18
